 Dungeon Crawl Stone Soup version 0.17-a0-484-g0e03f6a (webtiles) character file.

11326 PolkaDot the Jinx (level 11, -33/90 HPs)
             Began as a Vampire Enchanter on Apr 10, 2015.
             Was a Follower of Ashenzari.
             Annihilated by a very large slime creature (44 damage)
             ... on level 12 of the Dungeon on Apr 11, 2015.
             The game lasted 00:50:30 (14779 turns).

PolkaDot the Jinx (Vampire Enchanter)              Turns: 14779, Time: 00:50:30

Health: -33/90     AC: 12    Str:  7    XL:     11   Next: 47%
Magic:  0/23       EV: 15    Int: 20    God:    Ashenzari [*.....]
Gold:   521        SH:  0    Dex: 14    Spells: 3 memorised, 8 levels left

rFire  . . .     SeeInvis +     d - +2 short sword (vamp) (curse)
rCold  + + .     Clarity  .     w - +2 robe {Archmagi} (curse)
rNeg   + + +     SustAb   .     (no shield)
rPois  +         Gourm    .     a - +0 helmet (curse)
rElec  .         Spirit   +     u - +0 cloak (curse)
rCorr  .         Warding  .     (no gloves)
rMut   .         Stasis   .     k - +2 pair of boots (curse)
MR     +....                    m - amulet of guardian spirit (curse)
Stlth  +++++++...               C - ring of magical power
                                i - ring of stealth

@: lethally poisoned (-33 -> -39), regenerating slowly, somewhat resistant to
hostile enchantments, extremely stealthy
A: fangs 3, slimy green scales 1, see invisible, screaming 1, shaggy fur 1,
unbreathing
a: Bat Form, Renounce Religion


You were on level 12 of the Dungeon.
You worshipped Ashenzari.
Ashenzari was aware of your devotion.
You were near bloodless.

You visited 2 branches of the dungeon, and saw 13 of its levels.
You also visited: Ossuary.

You collected 521 gold pieces.

Inventory:

Hand weapons
 d - a cursed +2 vampiric short sword (weapon)
Missiles
 f - 2 throwing nets (quivered)
Armour
 a - a cursed +0 helmet (worn)
 k - a cursed +2 pair of boots (worn)
 u - a cursed +0 cloak (worn)
 v - the cursed +1 hat of Fampeogu {+Fly MP+9}
   (You acquired it on level 10 of the Dungeon)

   It affects your magic capacity (+9).
   It lets you fly.
   It has a curse placed upon it.
 w - a cursed +2 robe of the Archmagi (worn)
Jewellery
 i - a ring of stealth (left hand)
 m - a cursed amulet of guardian spirit (around neck)
 C - a ring of magical power (right hand)
Magical devices
 b - a wand of disintegration (5)
 c - a wand of fire (9)
 g - a wand of cold (6)
 h - a wand of magic darts (34)
 j - a wand of slowing (8)
 n - a wand of draining (3)
 o - a wand of polymorph (6)
 q - a wand of fireball (7)
 s - a wand of confusion (30)
Scrolls
 r - 2 scrolls of amnesia
 t - 2 scrolls of immolation
 z - a scroll of identify
 A - 2 scrolls of curse armour
 D - 3 scrolls of enchant weapon


   Skills:
 - Level 10.0 Fighting
 + Level 7.3 Short Blades
 - Level 6.6 Dodging
 + Level 11.3 Stealth
 - Level 2.0 Spellcasting
 * Level 13.8 Hexes
 - Level 1.0 Ice Magic


You had 8 spell levels left.
You knew the following spells:

 Your Spells              Type           Power        Failure   Level  Hunger
a - Corona                Hex            ######.      1%          1    #......
c - Confuse               Hex            ######..     1%          3    ###....
d - Ensorcelled Hibernat  Hex/Ice        #####.       1%          2    ##.....


Dungeon Overview and Level Annotations

Branches:
Dungeon (13/15)            Temple (1/1) D:7            Lair (0/8) D:10
    Orc (0/4) D:9
 Vaults: D:13-14

Altars:
Ashenzari
Cheibriados
Dithmenos
Elyvilon
Fedhas
Gozag
Kikubaaqudgha
Makhleb
Nemelex Xobeh
Okawaru
Qazlal
Ru
Sif Muna
Trog
Vehumet
Xom
Yredelemnul
Zin
The Shining One
Lugonu

Shops:
D:5 (   D:10 *


Innate Abilities, Weirdness & Mutations

You heal slowly.
You have razor-sharp teeth.
You have supernaturally acute eyesight.
You can survive without breathing.
You are partially covered in slimy green scales (AC +2).
You occasionally shout uncontrollably at your foes.
You are covered in fur (AC +1).


Message History

The killer bee stings you but does no damage.
You miss the killer bee.
Your attack snaps the killer bee out of its fear.
The killer bee closely misses you.
Two slime creatures merge to form a large slime creature.
You hit the killer bee.
The killer bee is heavily wounded.
The killer bee stings you.
* * * LOW HITPOINT WARNING * * *
The killer bee closely misses you.
You puncture the killer bee!
You feel better.
You kill the killer bee!
Two slime creatures merge to form a very large slime creature.
A crocodile and an orc come into view.
You feel sick.
A very large slime creature splits.
Your magical contamination has completely faded away. 2 electric eels come into view.
The very large slime creature hits you!!!
* * * LOW MAGIC WARNING * * *
You die...

##o....##.......#........
#.....##.......+J.......
...............#........
...............#.......
......##.......# .P##+##
#.......#
........##J......#
≈≈.......JJ......#
;≈.P.....@.......+
;≈P.............#
≈≈≈...###.......# ≈≈≈≈..
#....... ≈≈≈.. #.......
≈≈. #...... ≈P #.....
.... #


You could see a very large slime creature, a large slime creature, a slime
creature and an electric eel (sleeping).

Vanquished Creatures
  Erolcha (D:8)
  Erica (D:9)
  The ghost of onwiheg the Carver, an experienced HEBe of Trog (D:8)
  Pikel (D:6)
  The ghost of clown the Covert, an experienced VSEn of Vehumet (D:6)
  Maurice (D:9)
  2 trolls
  A two-headed ogre (D:9)
  Prince Ribbit (D:6)
  Sigmund (D:6)
  5 yaks (D:10)
  A hippogriff (D:8)
  2 wraiths
  3 wyverns
  2 hill giant zombies (D:9)
  Grum (D:10)
  2 hungry ghosts
  3 wolves (D:10)
  Menkaure (D:6)
  A water moccasin (D:10)
  Duvessa (D:6)
  3 orc warriors
  A wasp (D:9)
  A black bear (D:6)
  A necrophage (D:6)
  3 scorpions
  4 ogres
  4 centaurs
  3 big kobolds (D:8)
  A phantom (D:9)
  3 giant frogs
  Dowan (D:6)
  A water moccasin skeleton (D:8)
  The ghost of terroien the Ducker, a weakling TrFi (D:3)
  2 troll zombies (D:9)
  A vampire bat (D:9)
  5 killer bees
  4 wights (D:9)
  5 hounds
  A giant frog zombie (D:9)
  2 centaur zombies
  A goliath beetle (D:7)
  4 orc priests
  6 jellies
  A quasit (D:9)
  6 crimson imps
  2 giant frog skeletons
  Jessica (D:3)
  2 iguanas
  9 worker ants
  8 orc wizards
  3 big kobold zombies (Ossuary)
  2 ogre zombies (D:9)
  A hound zombie (D:5)
  2 mummies (Ossuary)
  10 adders
  7 gnolls
  A shadow imp (D:8)
  A worm (D:2)
  An adder zombie (Ossuary)
  4 giant geckos
  An ooze (D:1)
  21 orcs
  3 ball pythons
  14 bats
  A bat skeleton (D:6)
  7 bat zombies
  11 goblins
  23 hobgoblins
  8 jackals
  4 quokkas
  8 giant cockroaches
  A giant gecko skeleton (D:4)
  A giant gecko zombie (D:5)
  8 giant newts
  A giant spore (D:8)
  A goblin skeleton (D:9)
  6 goblin zombies
  3 hobgoblin skeletons (D:9)
  12 hobgoblin zombies (Ossuary)
  A jackal zombie (D:7)
  28 kobolds
  6 kobold zombies (Ossuary)
  2 orc skeletons (D:9)
  18 orc zombies
  A quokka skeleton (D:9)
  14 rats
  3 rat zombies (Ossuary)
  4 ballistomycetes (D:8)
363 creatures vanquished.

Vanquished Creatures (others)
  A slave (D:6)
  A worker ant zombie (D:6)
  A giant gecko (D:8)
3 creatures vanquished.

Grand Total: 366 creatures vanquished

Notes
Turn   | Place    | Note
--------------------------------------------------------------
     0 | D:1      | PolkaDot, the Vampire Enchanter, began the quest for the Orb.
     0 | D:1      | Reached XP level 1. HP: 13/13 MP: 3/3
   465 | D:1      | Reached XP level 2. HP: 19/19 MP: 5/5
   469 | D:1      | Learned a level 2 spell: Ensorcelled Hibernation
   784 | D:1      | Reached skill level 5 in Hexes
  1599 | D:2      | Reached skill level 1 in Ice Magic
  1599 | D:2      | Reached XP level 3. HP: 24/24 MP: 3/6
  2100 | D:2      | Reached skill level 5 in Stealth
  2329 | D:2      | Reached XP level 4. HP: 23/30 MP: 7/7
  2334 | D:2      | Learned a level 3 spell: Confuse
  2848 | D:3      | Noticed Jessica
  2854 | D:3      | Killed Jessica
  2854 | D:3      | Reached skill level 1 in Fighting
  2983 | D:3      | Noticed terroien's ghost (weakling TrFi)
  3013 | D:3      | Killed terroien's ghost
  3013 | D:3      | Reached XP level 5. HP: 36/39 MP: 6/8
  3815 | D:3      | Found an iron altar of Okawaru.
  4021 | D:4      | Noticed an ogre
  4032 | D:4      | Killed an ogre
  4032 | D:4      | Reached XP level 6. HP: 46/48 MP: 3/9
  4111 | D:4      | Reached skill level 6 in Hexes
  5451 | D:4      | Found an iron altar of Okawaru.
  5452 | D:4      | Found a basalt altar of Yredelemnul.
  6110 | D:5      | Entered Level 5 of the Dungeon
  6113 | D:5      | Found a shadowy altar of Dithmenos.
  6251 | D:5      | Reached XP level 7. HP: 47/55 MP: 6/10
  7154 | D:5      | Reached skill level 7 in Hexes
  7258 | D:5      | Found Gybaunac's Weapon Emporium.
  7852 | D:5      | Found a radiant altar of Vehumet.
  8259 | D:6      | Noticed Sigmund
  8261 | D:6      | Killed Sigmund
  8261 | D:6      | Reached skill level 8 in Hexes
  8266 | D:6      | Noticed Pikel
  8268 | D:6      | Noticed Menkaure
  8319 | D:6      | Found a blossoming altar of Fedhas.
  8322 | D:6      | Reached XP level 8. HP: 15/61 MP: 0/11
  8368 | D:6      | Reached skill level 9 in Hexes
  8507 | D:6      | Reached skill level 5 in Short Blades
  8507 | D:6      | Reached skill level 10 in Hexes
  8533 | D:6      | Found a sand-covered staircase.
  8548 | Ossuary  | Entered an ossuary
  9198 | D:6      | Killed Menkaure
  9205 | D:6      | Killed Pikel
  9205 | D:6      | Reached XP level 9. HP: 66/71 MP: 12/12
  9398 | D:6      | Noticed Dowan
  9399 | D:6      | Noticed Duvessa
  9406 | D:6      | Killed Duvessa
  9419 | D:6      | Killed Dowan
  9572 | D:6      | Noticed Prince Ribbit
  9581 | D:6      | Killed Prince Ribbit
  9719 | D:6      | Noticed clown's ghost (experienced VSEn)
  9739 | D:6      | Killed clown's ghost
  9790 | D:7      | Reached skill level 11 in Hexes
 10118 | D:7      | Found a staircase to the Ecumenical Temple.
 10129 | Temple   | Entered the Ecumenical Temple
 10162 | Temple   | Became a worshipper of Ashenzari the Shackled
 10861 | D:8      | Found a stormy altar of Qazlal.
 10904 | D:8      | Reached XP level 10. HP: 65/82 MP: 3/13
 11319 | D:8      | Found a shattered altar of Ashenzari.
 11340 | D:8      | Found a snail-covered altar of Cheibriados.
 11345 | D:8      | Noticed Erolcha
 11362 | D:8      | Killed Erolcha
 11366 | D:8      | Noticed onwiheg's ghost (experienced HEBe)
 11418 | D:8      | Killed onwiheg's ghost
 11418 | D:8      | Reached skill level 10 in Fighting
 11477 | D:8      | Reached skill level 12 in Hexes
 11726 | D:8      | Reached skill level 10 in Stealth
 11762 | D:8      | Found a shimmering altar of Xom.
 11766 | D:8      | Found a sparkling altar of Nemelex Xobeh.
 11767 | D:8      | Found a sacrificial altar of Ru.
 11899 | D:9      | Found a bloodstained altar of Trog.
 11909 | D:9      | Noticed Erica
 12171 | D:9      | Found a staircase to the Orcish Mines.
 12388 | D:9      | Noticed Maurice
 12406 | D:9      | Killed Maurice
 12728 | D:9      | Gained mutation: You are covered in fur (AC +1). [potion of mutation]
 12728 | D:9      | Gained mutation: You are partially covered in slimy green scales (AC +2). [potion of mutation]
 12728 | D:9      | Gained mutation: You occasionally shout uncontrollably at your foes. [potion of mutation]
 12777 | D:9      | Reached skill level 5 in Dodging
 12784 | D:9      | Reached XP level 11. HP: 27/90 MP: 9/14
 13517 | D:9      | Killed Erica
 13717 | D:9      | Found an ancient bone altar of Kikubaaqudgha.
 13989 | D:10     | Entered Level 10 of the Dungeon
 14066 | D:10     | Reached skill level 13 in Hexes
 14078 | D:10     | Found a staircase to the Lair.
 14085 | D:10     | Identified a scroll of acquirement
 14086 | D:10     | Identified the cursed +1 hat of Fampeogu {+Fly MP+9} (You acquired it on level 10 of the Dungeon)
 14229 | D:10     | Noticed Grum
 14240 | D:10     | Killed Grum
 14442 | D:10     | Found Dueduno's Assorted Antiques.
 14693 | D:10     | You fall through a shaft for 3 floors!
 14693 | D:13     | Noticed a skeletal warrior
 14700 | D:13     | Noticed a deep elf knight
 14779 | D:12     | Annihilated by a very large slime creature

Action                   |  1- 3 |  4- 6 |  7- 9 | 10-12 || total
-------------------------+-------+-------+-------+-------++-------
Melee: Dagger            |    85 |    39 |       |       ||   124
       Short sword       |       |   123 |   572 |   527 ||  1222
 Cast: Corona            |     8 |       |       |     2 ||    10
       Ensorcelled Hiber |    28 |    23 |    32 |    44 ||   127
       Confuse           |       |     2 |     8 |    29 ||    39
Evoke: Wand              |       |       |       |     1 ||     1
  Use: Scroll            |       |     3 |     9 |    15 ||    27
       Potion            |       |     2 |    10 |    10 ||    22
 Stab: Sleeping          |    30 |    29 |    42 |    43 ||   144
       Confused          |       |     4 |     8 |    22 ||    34
       Distracted        |       |     3 |     3 |     3 ||     9
  Eat: Corpse            |       |       |     1 |       ||     1
